 Dungeon Crawl Stone Soup version 0.29.1-15-g9cfb28693d (webtiles) character file.

Game seed: 14791149192162010054

52 ANNNA the Chiller (level 3, 0/26 HPs)
             Began as a Draconian Ice Elementalist on Apr 4, 2023.
             Constricted to death by Sigmund (3 damage)
             ... on level 2 of the Dungeon.
             The game lasted 00:05:22 (2264 turns).

ANNNA the Chiller (Draconian Ice Elementalist)      Turns: 2264, Time: 00:05:23

Health: 0/26       AC:  5    Str: 12    XL:     3   Next: 60%
Magic:  1/6        EV:  9    Int: 15    God:
Gold:   57         SH:  0    Dex: 11    Spells: 0/7 levels left

rFire   . . .      SeeInvis .   g - +0 short sword
rCold   . . .      Faith    .   (no shield)
rNeg    . . .      Spirit   .   (body armour unavailable)
rPois   .          Reflect  .   (helmet restricted)
rElec   .          Harm     .   (no cloak)
rCorr   .          Rampage  .   (no gloves)
Will    .....                   (no boots)
Stlth   +.........              (no amulet)
HPRegen 0.08/turn               (no ring)
MPRegen 0.10/turn               (no ring)

@: confused, grasped by roots, constricted
A: AC +5, unfitting armour, cold-blooded
a: no special abilities


You were on level 2 of the Dungeon.
You visited 1 branch of the dungeon, and saw 2 of its levels.

You collected 57 gold pieces.

Inventory:

Hand Weapons
 g - a +0 short sword (weapon)
Missiles
 b - 2 throwing nets
 d - 31 stones
Scrolls
 f - a scroll of fear {unknown}
 h - a scroll of blinking {unknown}
 i - a scroll of brand weapon {unknown}
 j - a scroll of vulnerability {unknown}
Potions
 a - 4 potions of magic
 c - 2 potions of flight {unknown}
 e - a potion of might {unknown}


   Skills:
 + Level 0.2 Fighting
 + Level 0.7 Short Blades
 + Level 2.0 Dodging
 + Level 1.8 Stealth
 * Level 2.6 Spellcasting
 + Level 4.6 Ice Magic


You couldn't memorise any spells.
You knew the following spells:

 Your Spells              Type           Power      Damage    Failure   Level
a - Freeze                Ice            64%        1d8       3%          1
b - Frozen Ramparts       Ice            32%        1d5       9%          3
c - Ozocubu's Armour      Ice            16%        N/A       9%          3

Your spell library contained the following spells:

 Spells                   Type           Power      Damage    Failure   Level
 Hailstorm                Conj/Ice       9%         3d4       61%         4


Dungeon Overview and Level Annotations

Branches:
Dungeon (2/15)

Altars:

Annotations:
D:2 Sigmund


Innate Abilities, Weirdness & Mutations

Your plain brown scales are hard. (AC +5)
You cannot fit into any form of body armour.
You are cold-blooded and may be slowed by cold attacks.


Message History

Sigmund breaks down the door.
Casting: Ozocubu's Armour (quite dangerous; 9% risk of failure)
Confirm with . or Enter, or press ? or * to list all spells.
The spell is quite dangerous to miscast (9% risk of failure)!
Continue anyway?
Casting: Frozen Ramparts (quite dangerous; 9% risk of failure)
Press: ? - help, Dir - look around, f - activate The walls around you are covered in ice.
The wall freezes Sigmund.
Sigmund gestures at you while chanting.
You are confused.
The wall freezes Sigmund.
Sigmund zaps a wand.
The roots erupt in riotous growth!
The grasping roots grab you! The grasping roots constrict you!
The wall freezes Sigmund.
Sigmund points at you and mumbles some strange words.
You struggle to resist.
The grasping roots constrict you.
The wall freezes Sigmund.
Sigmund gestures at you while chanting. The puff of flame misses you.
The grasping roots constrict you!
* * * LOW HITPOINT WARNING * * *
The grasping roots release their grip on you.
The wall freezes Sigmund.
Sigmund hits you from afar with a +0 scythe.
* * * LOW HITPOINT WARNING * * *
Your icy armour and frozen ramparts will break if you move.
Continue?
Your icy armour cracks and falls away as you move.
The frozen ramparts melt away as you move.
You feel less confused.
Sigmund points at you and mumbles some strange words.
You are confused.
Sigmund casts a spell.
Sigmund flickers and vanishes!
Deactivating autopickup; reactivate with Ctrl-A.
You bump into the rock wall.
You hear a zap.
The roots erupt in riotous growth!
The grasping roots grab you!
You are constricted.
You die...

##########
#########........#
[.......'.......@#
#########...{....#
####### ##'#######
# #.....####.# #.
#........... ..
............. ..
......###.#### .
......# #. ######
.###+## #. #<....


There were no monsters in sight!

Vanquished Creatures
  An adder (D:2)
  2 worms (D:2)
  2 dart slugs
  2 bats (D:1)
  4 endoplasms
  3 giant cockroaches
  5 goblins
  2 hobgoblins (D:1)
  3 kobolds
  A quokka (D:1)
  2 ball pythons (D:1)
  3 frilled lizards (D:1)
  2 rats
32 creatures vanquished.

Vanquished Creatures (others)
  5 plants (D:2)
5 creatures vanquished.

Grand Total: 37 creatures vanquished

Notes
Turn   | Place    | Note
-------+----------+-------------------------------------------
     0 | D:1      | ANNNA the Draconian Ice Elementalist began the quest for
                  | the Orb.
     0 | D:1      | Reached XP level 1. HP: 14/14 MP: 3/3
   232 | D:1      | Reached XP level 2. HP: 16/20 MP: 3/5
   313 | D:1      | Found a faded altar of an unknown god.
  1339 | D:2      | Reached XP level 3. HP: 25/26 MP: 4/6
  2141 | D:2      | Learned a level 3 spell: Frozen Ramparts
  2145 | D:2      | Learned a level 3 spell: Ozocubu's Armour
  2209 | D:2      | Noticed Sigmund
  2264 | D:2      | Constricted to death by Sigmund

Illustrated notes

Levels and vault maps discovered:
D:1:      lemuel_arrival_funnel, layout_basic, chequers_ecumenical_altar_grove
D:2:      layout_basic, serial_forest, infiniplex_forest_end_3,
          infiniplex_forest_straight_3, infiniplex_forest_clump_medium,
          infiniplex_forest_clump_C, infiniplex_forest_lined_4_way,
          infiniplex_forest_zigzag_1, infiniplex_forest_lined_room_,
          infiniplex_forest_end_3, infiniplex_forest_straight_2, uniq_sigmund

Skill      XL: |  1  2  3 |
---------------+----------+-----
Dodging        | 2 |  2.0
Fighting       | |  0.2
Short Blades   | |  0.7
Stealth        | |  1.8
Spellcasting   | |  2.6
Ice Magic      | |  4.6

Action                   || total
-------------------------++-------
Melee: Dagger            ||    36
       Unarmed           ||     1
       Short sword       ||    35
       Tailslap          ||     7
 Cast: Freeze            ||    37
       Ozocubu's Armour  ||     1
       Frozen Ramparts   ||     1
 Stab: Sleeping          ||     1
Armor: Skin              ||    27
Dodge: Dodged            ||    70
